 Dungeon Crawl Stone Soup version 0.27-a0-1548-gf8a67e7463 (webtiles) character file.

Game seed: 16816229528531907697

67 Morbidden the Skirmisher (level 4, -4/35 HPs)
             Began as a Demonspawn Fighter on July 14, 2021.
             Slain by Terence (6 damage)
             ... on level 3 of the Dungeon.
             The game lasted 00:01:31 (2167 turns).

Morbidden the Skirmisher (Demonspawn Fighter)       Turns: 2167, Time: 00:01:32

Health: -4/35      AC:  6    Str: 16    XL:     4   Next: 0%
Magic:  4/4        EV:  7    Int: 11    God:
Gold:   41         SH:  8    Dex: 12    Spells: 3/4 levels left

rFire    . . .     SeeInvis .   a - +0 long sword
rCold    + . .     Faith    .   c - +0 kite shield
rNeg     . . .     Spirit   .   b - +0 scale mail
rPois    .         Reflect  .   (no helmet)
rElec    .         Harm     .   (no cloak)
rCorr    .         Rampage  .   (no gloves)
Will     .....                  (no boots)
Stlth    ..........             m - amulet of magic regeneration
HPRegen  0.11/turn              i - ring of protection from cold
MPRegen  0.34/turn              (no ring)

@: no status effects
A: ignite blood 1, powered by death 1
a: no special abilities


You were on level 3 of the Dungeon.
You visited 1 branch of the dungeon, and saw 3 of its levels.

You collected 41 gold pieces.

Inventory:

Hand Weapons
 a - a +0 long sword (weapon)
Armour
 b - a +0 scale mail (worn)
 c - a +0 kite shield (worn)
Jewellery
 i - a ring of protection from cold (left hand)
 m - an amulet of magic regeneration (around neck)
Scrolls
 e - a scroll of teleportation {unknown}
 f - 2 scrolls of enchant weapon {unknown}
 g - a scroll of torment {unknown}
 h - a scroll of fog {unknown}
 j - a scroll of silence {unknown}
 k - a scroll of amnesia {unknown}
 l - a scroll of identify {unknown}
Potions
 d - a potion of might


   Skills:
 * Level 3.4 Fighting
 + Level 2.5 Long Blades
 + Level 3.0 Armour
 + Level 0.8 Dodging
 + Level 3.0 Shields
 * Level 0.5 Spellcasting
 * Level 0.7 Summonings


You had 3 spell levels left.
You knew the following spells:

 Your Spells              Type           Power      Damage    Failure   Level
a - Summon Small Mammal   Summ           4%         N/A       99%         1

Your spell library contained the following spells:

 Spells                   Type           Power      Damage    Failure   Level
 Call Canine Familiar     Summ           1%         N/A       100%        3
 Summon Guardian Golem    Hex/Summ       1%         N/A       100%        3


Dungeon Overview and Level Annotations

Branches:
Dungeon (3/15)

Altars:

Annotations:
D:3 Terence


Innate Abilities, Weirdness & Mutations

Your demonic aura sometimes causes spilled blood to erupt in flames.
You regenerate a little health from kills.


Message History

You are too injured to fight recklessly!
Unknown command.
You hit Terence but do no damage.
Terence is moderately wounded.
You block Terence's attack.
You hit Terence but do no damage.
Terence is moderately wounded.
You block Terence's attack. Terence completely misses you.
Unknown command.
Throw: throwing net
Press: ? - help, Q - select action, (/) - cycle Shift-Dir - straight line, f - Terence
Aim: Terence, wielding a +0 mace of holy wrath and wearing a +0 chain mail (moderately wounded, 64% to hit)
You throw a throwing net.
The throwing net completely misses Terence.
Terence hits you with a +0 mace of holy wrath.
* * * LOW HITPOINT WARNING * * *
You convulse.
* * * LOW HITPOINT WARNING * * *
You hit Terence but do no damage.
Terence is lightly wounded.
Terence barely misses you.
You riposte.
You hit Terence.
Terence is moderately wounded.
Terence hits you with a +0 mace of holy wrath.
* * * LOW HITPOINT WARNING * * *
You convulse.
* * * LOW HITPOINT WARNING * * *
Unknown command.
Your shield and scale mail prevent you from hitting Terence.
Terence is moderately wounded.
Terence hits you but does no damage.
You barely miss Terence.
Terence is moderately wounded.
You block Terence's attack.
Unknown command.
Okay, then.
You hit Terence but do no damage.
Terence is lightly wounded.
Terence shouts, "Get ready for death!"
Terence hits you with a +0 mace of holy wrath.
You die...

#.# #.# #.# #.#
######### ##.#
#.......#######..#
#(>.....@@>..####
#.#.####........#
.....#
#.##...#.##########
###.###
#.#......)........#
#.
#.##...#.########.#
?. #........# #.#
.#. #####.#### #.#
.### #.# ####.#
##+# #.....


You could see Terence.

Vanquished Creatures
  An adder (D:2)
  A dart slug (D:1)
  An orc (D:3)
  2 ball pythons (D:2)
  5 endoplasms
  4 giant cockroaches
  8 goblins
  8 hobgoblins
  3 jackals (D:1)
  2 kobolds
  5 bats
  4 frilled lizards
  4 rats
48 creatures vanquished.

Notes
Turn   | Place    | Note
-------+----------+-------------------------------------------
     0 | D:1      | Morbidden the Demonspawn Fighter began the quest for the
                  | Orb.
     0 | D:1      | Reached XP level 1. HP: 18/18 MP: 1/1
   503 | D:1      | Found a faded altar of an unknown god.
   587 | D:1      | Gained mutation: Your demonic aura sometimes causes spilled
                  | blood to erupt in flames. [demonic ancestry]
   587 | D:1      | Reached XP level 2. HP: 19/24 MP: 2/2
  1259 | D:1      | Learned a level 1 spell: Summon Small Mammal
  1280 | D:1      | Reached XP level 3. HP: 21/29 MP: 3/3
  2128 | D:3      | Gained mutation: You regenerate a little health from kills.
                  | [demonic ancestry]
  2128 | D:3      | Reached XP level 4. HP: 33/35 MP: 4/4
  2149 | D:3      | Noticed Terence
  2158 | D:3      | HP: 1/35 [Terence (3)]
  2167 | D:3      | Slain by Terence

Illustrated notes

Levels and vault maps discovered:
D:1:      dpeg_arrival_round_b, layout_loops_ring,
          chequers_ecumenical_altar_simple, minmay_tromino_i4
D:2:      layout_rooms, hangedman_decor_slide_cut
D:3:      layout_loops_corners, trog_book, uniq_terence

Skill      XL: |  1  2  3 |
---------------+----------+-----
Long Blades    | 2 |  2.5
Shields        | 3 |  3.0
Armour         | 3 |  3.0
Fighting       | |  3.4
Dodging        | |  0.8
Spellcasting   | |  0.5
Summonings     | |  0.7

Action                   |  1- 3 |  4- 6 || total
-------------------------+-------+-------++-------
Melee: Long sword        |   177 |     9 ||   186
Throw: Throwing net      |       |     1 ||     1
Armor: Scale mail        |    94 |     2 ||    96
Dodge: Dodged            |    73 |     2 ||    75
Block: Kite shield       |    84 |     5 ||    89
       Rpst.: Long sword |    20 |     1 ||    21

Table legend: (Time is in decaauts)
 A = Elapsed time spent in this place.
 B = Non-inter-level travel time spent in this place.
 C = Inter-level travel time spent in this place.
 D = Time resting spent in this place.
 E = Time spent auto-exploring this place.
 F = Levels seen in this place.
 G = Mean time per level.
                   A        B        C        D        E       F      G
               +--------+--------+--------+--------+--------+-----+--------+
         Total |   2264 |   2251 |     13 |      0 |   1814 |   3 |  754.7 |
       Dungeon |   2264 |   2251 |     13 |      0 |   1814 |   3 |  754.7 |
               +--------+--------+--------+--------+--------+-----+--------+

Top non-repeatable levels by time:
     D:1: 1584 daAuts
     D:2: 573 daAuts
     D:3: 106 daAuts
